Map: Royal Blood LE

Players

RekcOr

  • Race: Protoss Protoss
  • League: Grandmaster
  • Spawn Location: 7:00

Jason - Winner!

  • Race: Terran Terran
  • League: Grandmaster
  • Spawn Location: 1:00

VOD

Have the link to the VOD?

Description

Time

  • Played on: Jan. 30, 2023, 4:48 p.m.
  • Length: 9:50
Show
View Real Time Build Order
Export as new Build Order

RekcOr Protoss 

Build Orders: 1 Gate Expand, Double Forge 

Get SALT Encoding   

  12  0:00  Probe  
  13  0:12  Probe  
  14  0:17  Pylon  
  14  0:24  Probe (Chrono Boost)  
  15  0:36  Probe (Chrono Boost), Gateway  
  16  0:44  Probe (Chrono Boost)  
  17  0:51  Probe  
  17  0:53  Assimilator  
  18  1:03  Probe (Chrono Boost)  
  19  1:13  Probe (Chrono Boost)  
  19  1:18  Probe (Chrono Boost)  
  21  1:25  Cybernetics Core  
  21  1:29  Probe  
  22  1:43  Nexus  
  22  1:46  Pylon  
  22  1:49  Probe  
  23  1:54  Assimilator  
  23  2:02  Stalker (Chrono Boost)  
  23  2:06  Probe  
  26  2:09  Warp Gate  
  26  2:19  Probe  
  27  2:25  Sentry  
  29  2:32  Shield Battery  
  29  2:38  Probe  
  29  2:39  Pylon  
  30  2:46  Shield Battery  
  29  2:58  Sentry  
  29  3:00  Probe (Chrono Boost)  
  33  3:06  Probe (Chrono Boost)  
  33  3:07  Twilight Council  
  33  3:10  Probe (Chrono Boost)  
  35  3:13  Probe (Chrono Boost)  
  35  3:16  Probe  
  36  3:24  Probe (Chrono Boost)  
  37  3:28  Forge  
  37  3:32  Probe (Chrono Boost)  
  38  3:36  Probe (Chrono Boost)  
  38  3:38  Charge  
  39  3:42  Nexus  
  39  3:48  Probe x2 (Chrono Boost)  
  40  3:54  Pylon  
  41  3:58  Pylon  
  41  4:00  Sentry  
  41  4:02  Probe, Protoss Ground Armor Level 1 (Chrono Boost)  
  44  4:04  Probe  
  45  4:16  Photon Cannon  
  45  4:20  Photon Cannon  
  45  4:24  Stalker  
  45  4:25  Probe  
  45  4:30  Probe  
  49  4:38  Probe, Forge  
  50  4:42  Pylon  
  50  5:03  Probe  
  51  5:08  Probe  
  51  5:13  Protoss Ground Weapons Level 1 (Chrono Boost)  
  52  5:15  Probe  
  52  5:18  Gateway  
  52  5:19  Gateway  
  52  5:20  Probe (Chrono Boost)  
  52  5:21  Gateway  
  54  5:27  Probe (Chrono Boost)  
  56  5:32  Probe (Chrono Boost)  
  56  5:33  Probe (Chrono Boost), Robotics Facility  
  57  5:36  Robotics Facility  
  57  5:39  Assimilator  
  57  5:42  Assimilator  
  57  5:43  Zealot  
  57  5:45  Probe  
  57  5:47  Probe  
  61  5:50  Protoss Ground Armor Level 2 (Chrono Boost)  
  61  5:56  Probe  
  62  5:57  Probe  
  62  5:59  Probe  
  64  6:09  Probe x2  
  66  6:11  Zealot, Probe  
  66  6:14  Photon Cannon  
  66  6:15  Shield Battery  
  69  6:18  Blink  
  69  6:21  Probe x2  
  72  6:26  Probe  
  72  6:27  Robotics Bay  
  72  6:29  Immortal (Chrono Boost)  
  72  6:32  Observer (Chrono Boost)  
  77  6:33  Probe  
  77  6:34  Zealot  
  80  6:42  Zealot, Pylon  
  80  6:46  Stalker  
  84  6:49  Pylon  
  84  6:52  Zealot, Observer  
  86  6:55  Observer  
  86  6:56  Probe  
  86  6:57  Probe x2  
  86  7:00  Gateway  
  89  7:02  Zealot, Gateway  
  89  7:07  Protoss Ground Weapons Level 2 (Chrono Boost)  
  91  7:09  Probe  
  92  7:18  Colossus  
  92  7:19  Immortal  
  92  7:20  Zealot  
  104  7:25  Zealot  
  106  7:35  Pylon  
  106  7:37  Pylon x2  
  100  7:55  Zealot  
  100  7:56  Zealot x2  
  96  8:00  Zealot x3  
  96  8:05  Probe  
  78  8:16  Colossus x2 (Chrono Boost)  
  78  8:18  Stalker x2  
  78  8:19  Stalker  
  83  8:24  Nexus  
  83  8:26  Pylon  
  88  8:29  Zealot x2  
  88  8:31  Zealot  
  93  8:39  Pylon  
  93  8:42  Pylon  
  73  9:06  Stalker x2  
  73  9:07  Stalker x3  
  73  9:08  Stalker  
  85  9:18  Pylon  
  85  9:20  Pylon  
  74  9:33  Zealot x4  
  74  9:34  Zealot  
Show
View Real Time Build Order
Export as new Build Order

Jason Terran - Winner!

Build Orders:  

Get SALT Encoding   

  12  0:00  SCV  
  13  0:12  SCV  
  14  0:18  Supply Depot  
  14  0:24  SCV  
  15  0:40  SCV  
  15  0:41  Barracks  
  16  0:45  Refinery  
  16  0:52  SCV  
  16  0:53  Refinery  
  17  1:04  SCV  
  18  1:16  SCV  
  19  1:25  Supply Depot  
  19  1:29  Orbital Command, Reaper  
  20  1:45  Factory  
  20  1:55  SCV  
  21  2:01  Barracks Reactor  
  21  2:07  SCV  
  22  2:20  SCV  
  23  2:24  Command Center  
  23  2:31  Widow Mine  
  23  2:33  SCV  
  26  2:38  Supply Depot  
  26  2:39  Marine x2  
  28  2:45  SCV  
  28  2:49  Starport  
  29  2:54  Widow Mine  
  31  3:00  SCV  
  31  3:05  Marine x2  
  34  3:12  SCV  
  35  3:19  Widow Mine  
  37  3:24  SCV, Bunker  
  38  3:29  Marine  
  39  3:35  Medivac, Marine  
  39  3:39  SCV  
  43  3:42  Factory Tech Lab  
  43  3:51  SCV  
  43  3:55  Supply Depot, Marine x2  
  46  3:56  Orbital Command  
  46  4:00  Siege Tank  
  49  4:05  SCV  
  50  4:14  Marine x2  
  50  4:15  Starport Tech Lab  
  52  4:18  Barracks  
  52  4:21  SCV  
  52  4:22  SCV  
  54  4:33  SCV  
  54  4:34  Siege Tank  
  54  4:35  Raven  
  59  4:39  SCV  
  59  4:43  Barracks  
  60  4:52  SCV  
  59  4:53  Marine x2  
  59  4:55  SCV  
  62  5:01  Engineering Bay  
  62  5:05  Supply Depot  
  62  5:07  SCV x2  
  62  5:13  Marine x2  
  62  5:20  Starport Reactor  
  62  5:25  Refinery  
  62  5:26  Refinery, Stimpack  
  62  5:27  SCV x2, Supply Depot  
  67  5:30  Marauder  
  67  5:35  Terran Infantry Weapons Level 1  
  66  5:38  Factory Reactor  
  66  5:39  SCV, Marauder  
  66  5:40  SCV  
  66  5:42  Supply Depot  
  70  5:44  Supply Depot  
  70  5:49  Marine x2  
  72  5:51  SCV  
  72  5:52  Combat Shield  
  72  5:54  Marauder  
  72  5:55  SCV  
  76  6:02  Medivac  
  76  6:04  SCV  
  79  6:05  Supply Depot  
  79  6:07  SCV, Marauder  
  79  6:08  Supply Depot  
  82  6:16  SCV, Supply Depot  
  82  6:18  Marauder, Marine x2  
  85  6:24  Widow Mine  
  85  6:25  Widow Mine  
  91  6:26  Medivac  
  91  6:32  Supply Depot, Medivac  
  95  6:34  Marauder  
  95  6:36  Marine  
  95  6:38  Marine  
  99  6:47  Marauder, Widow Mine  
  101  6:48  Widow Mine  
  101  6:49  Supply Depot  
  101  6:54  Marine  
  105  6:56  Marauder, Medivac, Marine  
  111  7:06  Medivac  
  111  7:07  Concussive Shells  
  113  7:08  Command Center  
  113  7:12  Marauder, Marine  
  116  7:17  Marauder  
  118  7:23  Widow Mine  
  118  7:29  Terran Infantry Armor Level 1  
  120  7:34  Widow Mine  
  120  7:35  Marine  
  120  7:36  Marauder  
  125  7:37  Marine  
  125  7:38  Marauder  
  128  7:45  Widow Mine  
  130  7:53  Marine  
  130  7:55  Marine  
  130  7:57  Marauder  
  127  8:02  Marine  
  127  8:04  Widow Mine  
  127  8:06  Widow Mine  
  127  8:11  Marine  
  127  8:12  Medivac x2  
  130  8:19  Marauder  
  130  8:20  Marauder  
  130  8:22  Barracks x2  
  130  8:25  Widow Mine, Marine  
  135  8:29  Marine  
  134  8:40  Marauder  
  134  8:41  Marine  
  134  8:43  Marine  
  134  8:47  Viking  
  129  8:59  Marauder  
  129  9:01  Marauder  
  130  9:03  Marine x2  
  130  9:06  Widow Mine x2  
  134  9:16  Armory  
  134  9:21  Marauder, Marine x2  
  134  9:23  Marauder  
  138  9:27  Widow Mine  
Tags
 
Add a new tag
Caveats
  • Supply blocks, unpowered buildings, or Contaminate may cause inaccurate times.
  • Supply counts are checked every 10 seconds.